3A
ATHLETIC CLUB KC U-24 @ PUT-IN-BAY BC
07/13/2041
 
TOP OF THE 1ST
Athletic Club KC U-24 batting - Pitching for Put-In-Bay BC : LHP James Brandon
Pitching: LHP James Brandon
Batting: RHB James Allingham 0-0: Called Strike
0-1: Called Strike
0-2: Ground out U3 (Groundball, 3L, EV 110.0 MPH)
Batting: LHB Greg Flynn 0-0: Swinging Strike
0-1: Called Strike
0-2: Ball
1-2: Ball
2-2: Strikes out swinging
Batting: SHB Francisco Rojas 0-0: Called Strike
0-1: Ball
1-1: Foul Ball, location: 2F
1-2: Ball
2-2: Ball
3-2: Strikes out swinging
Top of the 1st over - 0 runs, 0 hits, 0 errors, 0 left on base; Athletic Club KC 0 - Put-In-Bay 0
BOTTOM OF THE 1ST
Put-In-Bay BC batting - Pitching for Athletic Club KC U-24 : RHP Bill Torres
Pitching: RHP Bill Torres
Batting: RHB Roland Rankin 0-0: Ball
1-0: Ball
2-0: Ball
3-0: Called Strike
3-1: DOUBLE (Line Drive, 7LM, EV 108.8 MPH)
Batting: RHB Alfred Howard Biggs 0-0: Called Strike
0-1: Called Strike
0-2: Strikes out swinging
Batting: RHB Colton Shepard 0-0: Ball
1-0: Foul Ball, location: 2F
1-1: Swinging Strike
1-2: Fly out, F8 (Flyball, 89S, EV 86.9 MPH)
Batting: LHB Steve Chittick 0-0: Ball
1-0: Called Strike
1-1: Called Strike
1-2: Ball
2-2: Ground out 4-3 (Groundball, 4, EV 95.6 MPH)
Bottom of the 1st over - 0 runs, 1 hit, 0 errors, 1 left on base; Athletic Club KC 0 - Put-In-Bay 0
TOP OF THE 2ND
Athletic Club KC U-24 batting - Pitching for Put-In-Bay BC : LHP James Brandon
Batting: LHB Ron Whitney 0-0: Swinging Strike
0-1: Ball
1-1: Ball
2-1: SINGLE (Groundball, 3D, EV 99.4 MPH)
Batting: RHB Leon Burns 0-0: Ball
Ron Whitney is caught stealing 2nd base 2-4
1-0: Called Strike
1-1: Foul Ball, location: 2F
1-2: Strikes out swinging
Batting: RHB Neal Lewis 0-0: Ball
1-0: Ground out 3-1 (Groundball, 34S, EV 67.5 MPH)
Top of the 2nd over - 0 runs, 1 hit, 0 errors, 0 left on base; Athletic Club KC 0 - Put-In-Bay 0
BOTTOM OF THE 2ND
Put-In-Bay BC batting - Pitching for Athletic Club KC U-24 : RHP Bill Torres
Batting: SHB Patrick Sullivan 0-0: Ball
1-0: Called Strike
1-1: Foul Ball, location: 2F
1-2: Strikes out swinging
Batting: RHB Raleigh Adams 0-0: Called Strike
0-1: Ball
1-1: Foul Ball, location: 2F
1-2: Ball
2-2: Ball
3-2: Base on Balls
Batting: RHB Chris P. Bacon 0-0: Called Strike
0-1: Foul Ball, location: 2F
0-2: SINGLE (Groundball, 6S, EV 61.9 MPH) (infield hit)
Raleigh Adams to second
Batting: LHB Roberto Pacheco 0-0: Ball
Wild Pitch!
Raleigh Adams to third
Chris P. Bacon to second
1-0: Swinging Strike
1-1: Ball
2-1: Swinging Strike
2-2: Ball
3-2: Foul Ball, location: 2F
3-2: Ground out 3-1 (Groundball, 34, EV 105.0 MPH)
Raleigh Adams scores
Chris P. Bacon to third
Batting: LHB Tom Bruce 0-0: Called Strike
0-1: Ball
1-1: Foul Ball, location: 2F
1-2: Ball
2-2: Ball
3-2: Foul Ball, location: 2F
3-2: Base on Balls
Batting: RHB Roland Rankin 0-0: Foul Ball, location: 2F
0-1: Fielders Choice at 2nd, 6-4 (Groundball, 6, EV 106.9 MPH)
Bottom of the 2nd over - 1 run, 1 hit, 0 errors, 2 left on base; Athletic Club KC 0 - Put-In-Bay 1
TOP OF THE 3RD
Athletic Club KC U-24 batting - Pitching for Put-In-Bay BC : LHP James Brandon
Batting: LHB Carl Zimerman 0-0: Ball
1-0: Called Strike
1-1: Fly out, F9 (Line Drive, 9, EV 92.5 MPH)
Batting: SHB Ross Evans 0-0: Ball
1-0: Called Strike
1-1: Ball
2-1: Called Strike
2-2: Fly out, F8 (Flyball, 78M, EV 88.1 MPH)
Batting: RHB William Lane 0-0: Ball
1-0: DOUBLE (Line Drive, 9LS, EV 100.6 MPH)
Batting: RHB James Allingham 0-0: Called Strike
0-1: Ground out 6-3 (Groundball, 6, EV 101.2 MPH)
Top of the 3rd over - 0 runs, 1 hit, 0 errors, 1 left on base; Athletic Club KC 0 - Put-In-Bay 1
BOTTOM OF THE 3RD
Put-In-Bay BC batting - Pitching for Athletic Club KC U-24 : RHP Bill Torres
Batting: RHB Alfred Howard Biggs 0-0: SINGLE (Flyball, 78M, EV 85.6 MPH)
Batting: RHB Colton Shepard 0-0: Ball
1-0: SINGLE (Line Drive, 4D, EV 109.4 MPH)
Alfred Howard Biggs to second
Batting: LHB Steve Chittick 0-0: Fly out, F9 (Line Drive, 9D, EV 86.9 MPH)
Runner from 2nd tags up, SAFE at 3rd, no throw by RF
Batting: SHB Patrick Sullivan 0-0: Ball
1-0: Ball
2-0: Called Strike
2-1: Called Strike
2-2: SINGLE (Line Drive, 3D, EV 96.2 MPH)
Alfred Howard Biggs scores
Colton Shepard to second
Batting: RHB Raleigh Adams 0-0: Ball
1-0: Swinging Strike
1-1: Ball
2-1: Fly out, F8 (Flyball, 8RD, EV 96.2 MPH)
Batting: RHB Chris P. Bacon 0-0: Ball
1-0: Fly out, F9 (Flyball, 9S, EV 78.8 MPH)
Bottom of the 3rd over - 1 run, 3 hits, 0 errors, 2 left on base; Athletic Club KC 0 - Put-In-Bay 2
TOP OF THE 4TH
Athletic Club KC U-24 batting - Pitching for Put-In-Bay BC : LHP James Brandon
Batting: LHB Greg Flynn 0-0: Foul Ball, location: 2F
0-1: Called Strike
0-2: Strikes out swinging
Batting: SHB Francisco Rojas 0-0: Fly out, F9 (Flyball, 9LS, EV 90.6 MPH)
Batting: LHB Ron Whitney 0-0: Swinging Strike
0-1: Foul Ball, location: 2F
0-2: Ball
1-2: Strikes out swinging
Top of the 4th over - 0 runs, 0 hits, 0 errors, 0 left on base; Athletic Club KC 0 - Put-In-Bay 2
BOTTOM OF THE 4TH
Put-In-Bay BC batting - Pitching for Athletic Club KC U-24 : RHP Bill Torres
Batting: LHB Roberto Pacheco 0-0: Called Strike
0-1: Ground out 6-3 (Groundball, 6MS, EV 63.8 MPH)
Batting: LHB Tom Bruce 0-0: Ball
1-0: Foul Ball, location: 2F
1-1: Fly out, F2 (Popup, 25F, EV 75.6 MPH)
Batting: RHB Roland Rankin 0-0: Ball
1-0: Ball
2-0: Called Strike
2-1: Called Strike
2-2: Ball
3-2: Strikes out swinging
Bottom of the 4th over - 0 runs, 0 hits, 0 errors, 0 left on base; Athletic Club KC 0 - Put-In-Bay 2
TOP OF THE 5TH
Athletic Club KC U-24 batting - Pitching for Put-In-Bay BC : LHP James Brandon
Batting: RHB Leon Burns 0-0: Ball
1-0: Foul Ball, location: 2F
1-1: SINGLE (Groundball, 56D, EV 96.2 MPH)
Batting: RHB Neal Lewis 0-0: Foul Ball, location: 2F
0-1: Foul Ball, location: 2F
0-2: SINGLE (Flyball, 9S, EV 96.9 MPH)
Leon Burns to second
Runner from 2nd tries for 3rd, SAFE, throw by RF made to third
Batting: LHB Carl Zimerman 0-0: Fly out, F7 (Flyball, 78S, EV 92.5 MPH)
Batting: SHB Ross Evans 0-0: Fly out, F7 (Flyball, 7LSF, EV 91.9 MPH)
Runner from 3rd tags up, SCORES, no throw by LF
Batting: RHB William Lane 0-0: Fly out, F3 (Popup, 34S, EV 90.0 MPH)
Top of the 5th over - 1 run, 2 hits, 0 errors, 1 left on base; Athletic Club KC 1 - Put-In-Bay 2
BOTTOM OF THE 5TH
Put-In-Bay BC batting - Pitching for Athletic Club KC U-24 : RHP Bill Torres
Batting: RHB Alfred Howard Biggs 0-0: Called Strike
0-1: Ball
1-1: Ball
2-1: Foul Ball, location: 2F
2-2: Strikes out swinging
Batting: RHB Colton Shepard 0-0: Fly out, F4 (Popup, 23, EV 73.8 MPH)
Batting: LHB Steve Chittick 0-0: Called Strike
0-1: Ball
1-1: Swinging Strike
1-2: Foul Ball, location: 2F
1-2: Foul Ball, location: 2F
1-2: Fly out, F9 (Flyball, 9LSF, EV 83.8 MPH)
Bottom of the 5th over - 0 runs, 0 hits, 0 errors, 0 left on base; Athletic Club KC 1 - Put-In-Bay 2
TOP OF THE 6TH
Athletic Club KC U-24 batting - Pitching for Put-In-Bay BC : LHP James Brandon
Batting: RHB James Allingham 0-0: Called Strike
0-1: Ground out 6-3 (Groundball, 6, EV 78.1 MPH)
Batting: LHB Greg Flynn 0-0: Ball
1-0: Fly out, F9 (Flyball, 9LM, EV 76.2 MPH)
Batting: SHB Francisco Rojas 0-0: Fly out, F7 (Line Drive, 7, EV 85.6 MPH)
Top of the 6th over - 0 runs, 0 hits, 0 errors, 0 left on base; Athletic Club KC 1 - Put-In-Bay 2
BOTTOM OF THE 6TH
Put-In-Bay BC batting - Pitching for Athletic Club KC U-24 : RHP Bill Torres
Batting: SHB Patrick Sullivan 0-0: Ball
1-0: Foul Ball, location: 2F
1-1: Ground out 4-3 (Groundball, 4, EV 100.6 MPH)
Batting: RHB Raleigh Adams 0-0: DOUBLE (Flyball, 8RD, EV 91.9 MPH)
Batting: RHB Chris P. Bacon 0-0: Ball
1-0: Foul Ball, location: 2F
1-1: Ball
2-1: Foul Ball, location: 2F
2-2: Ball
3-2: Base on Balls
Pitching: RHP Rodney Johnson
Batting: LHB Roberto Pacheco 0-0: Ball
1-0: Called Strike
1-1: Called Strike
1-2: Ball
2-2: Ball
3-2: Grounds into double play, 4-6-3 (Groundball, 4D, EV 93.1 MPH)
Bottom of the 6th over - 0 runs, 1 hit, 0 errors, 1 left on base; Athletic Club KC 1 - Put-In-Bay 2
TOP OF THE 7TH
Athletic Club KC U-24 batting - Pitching for Put-In-Bay BC : LHP James Brandon
Batting: LHB Ron Whitney 0-0: Ball
1-0: Called Strike
1-1: Fly out, F9 (Flyball, 9S, EV 79.4 MPH)
Batting: RHB Leon Burns 0-0: Called Strike
0-1: Ball
1-1: Fly out, F7 (Flyball, 7LM, EV 83.8 MPH)
Batting: RHB Neal Lewis 0-0: Called Strike
0-1: Ball
1-1: Ball
2-1: Foul Ball, location: 2F
2-2: Strikes out looking
Top of the 7th over - 0 runs, 0 hits, 0 errors, 0 left on base; Athletic Club KC 1 - Put-In-Bay 2
BOTTOM OF THE 7TH
Put-In-Bay BC batting - Pitching for Athletic Club KC U-24 : RHP Rodney Johnson
Batting: LHB Tom Bruce 0-0: Called Strike
0-1: Ball
1-1: Foul Ball, location: 2F
1-2: Strikes out swinging
Batting: RHB Roland Rankin 0-0: SINGLE (Flyball, 9S, EV 86.9 MPH)
Batting: RHB Alfred Howard Biggs 0-0: Ball
Roland Rankin is caught stealing 2nd base 2-4
1-0: Foul Ball, location: 2F
1-1: Swinging Strike
1-2: Ball
2-2: Ball
3-2: Base on Balls
Batting: RHB Colton Shepard 0-0: Ball
1-0: Called Strike
1-1: Called Strike
1-2: Ball
2-2: Strikes out looking
Bottom of the 7th over - 0 runs, 1 hit, 0 errors, 1 left on base; Athletic Club KC 1 - Put-In-Bay 2
TOP OF THE 8TH
Athletic Club KC U-24 batting - Pitching for Put-In-Bay BC : LHP James Brandon
Batting: LHB Carl Zimerman 0-0: Fly out, F8 (Flyball, 8LD, EV 84.4 MPH)
Batting: SHB Ross Evans 0-0: Called Strike
0-1: Foul Ball, location: 2F
0-2: Foul Ball, location: 2F
0-2: Ball
1-2: Foul Ball, location: 2F
1-2: Ball
2-2: Foul Ball, location: 2F
2-2: Ball
3-2: DOUBLE (Flyball, 8RXD, EV 93.8 MPH)
Pinch Hitting: RHB Daniel Hannaford 0-0: Ball
1-0: Foul Ball, location: 2F
1-1: Swinging Strike
1-2: Strikes out looking
Batting: RHB James Allingham 0-0: Ball
1-0: Called Strike
1-1: Foul Ball, location: 2F
1-2: Foul Ball, location: 2F
1-2: Ball
2-2: Ball
3-2: Strikes out looking
Top of the 8th over - 0 runs, 1 hit, 0 errors, 1 left on base; Athletic Club KC 1 - Put-In-Bay 2
BOTTOM OF THE 8TH
Put-In-Bay BC batting - Pitching for Athletic Club KC U-24 : RHP Rodney Johnson
Pitching: RHP Yun-tae Yi
Now at C: Will White
Batting: LHB Steve Chittick 0-0: Called Strike
0-1: Foul Ball, location: 2F
0-2: Ground out 1-3 (Groundball, 34S, EV 70.0 MPH)
Batting: SHB Patrick Sullivan 0-0: Ball
1-0: Ball
2-0: Swinging Strike
2-1: Ground out 6-3 (Groundball, 6M, EV 101.2 MPH)
Batting: RHB Raleigh Adams 0-0: Ball
1-0: Ball
2-0: Called Strike
2-1: Ground out 6-3 (Groundball, 6, EV 86.2 MPH)
Bottom of the 8th over - 0 runs, 0 hits, 0 errors, 0 left on base; Athletic Club KC 1 - Put-In-Bay 2
TOP OF THE 9TH
Athletic Club KC U-24 batting - Pitching for Put-In-Bay BC : LHP James Brandon
Now at 2B: Juan Gallardo
Now at 3B: Zach Stafford
Now in RF: Bill Knight
Batting: LHB Greg Flynn 0-0: Called Strike
0-1: Called Strike
0-2: Ball
1-2: Foul Ball, location: 2F
1-2: Ball
2-2: Ball
3-2: Fly out, F8 (Flyball, 8RD, EV 101.2 MPH)
Batting: SHB Francisco Rojas 0-0: Ball
1-0: Fly out, F8 (Flyball, 78D, EV 92.5 MPH)
Batting: LHB Ron Whitney 0-0: SINGLE (Flyball, 9S, EV 93.1 MPH)
Pinch Hitting: RHB Morton Scott 0-0: Called Strike
0-1: Ball
1-1: Foul Ball, location: 2F
1-2: Ball
2-2: Strikes out looking
Top of the 9th over - 0 runs, 1 hit, 0 errors, 1 left on base; Athletic Club KC 1 - Put-In-Bay 2
Tuesday, January 5th, 2021 - OOTP Baseball 20.8 Build 74